 Dungeon Crawl Stone Soup version 0.31-a0-986-g5e6e4ef867 (webtiles) character file.

Game seed: 9578273603801139074

7879 AppTheSpectato the Grappler (level 11, -5/169 HPs)
             Began as a Troll Shapeshifter on Nov 8, 2023.
             Was a Priest of Trog.
             Slain by an ogre
             ... wielding a +0 giant club
             ... led by Lodul
              (15 damage)
             ... on level 9 of the Dungeon.
             The game lasted 00:15:59 (6617 turns).

AppTheSpectato the Grappler (Troll Shapeshifter)    Turns: 6617, Time: 00:16:00

Health: -5/169     AC: 29    Str: 28    XL:     11   Next: 2%
Magic:  10/10      EV:  1    Int:  6    God:    Trog [***...]
Gold:   576        SH:  0    Dex:  9    Spells: 10/10 levels left

rFire   . .          .
                       - Unarmed
rCold   . . .        (no shield)
rNeg    . . .        a - melded +1 animal skin
rPois   +            (helmet currently unavailable)
rElec   .            (cloak currently unavailable)
rCorr   .            (gloves unavailable)
SInv    .            (boots unavailable)
Will    +....        (no amulet)
Stlth   +            t - ring of willpower
HPRegen 1.28/turn    r - +4 ring of protection
MPRegen 0.12/turn

%: no passive effects
@: tree-form
A: stationary, stasis, torment immunity, boosted hp, large, unfitting armour,
(claws 3), regeneration 1, (shaggy fur 1), (tough skin 1)
a: Renounce Religion, Berserk, Trog's Hand


You were on level 9 of the Dungeon.
You worshipped Trog.
Trog was most pleased with you.
You were a tree.
You visited 2 branches of the dungeon, and saw 11 of its levels.

You collected 576 gold pieces.

Inventory:

Armour
 a - a +1 animal skin (melded)
Jewellery
 r - a +4 ring of protection (right branch)
 t - a ring of willpower (left branch)
 x - a ring of protection from cold
 y - a ring of see invisible
Talismans
 c - a beast talisman
 d - a flux talisman
 s - a maw talisman
Wands
 u - a wand of polymorph (6)
Scrolls
 e - 4 scrolls of blinking {unknown}
 f - 2 scrolls of acquirement {unknown}
 g - a scroll of butterflies
 j - 4 scrolls of enchant armour
 k - 3 scrolls of teleportation
 l - a scroll of amnesia
 m - 3 scrolls of fear {unknown}
 n - 2 scrolls of vulnerability
 o - a scroll of immolation
 q - 2 scrolls of fog {unknown}
 w - 3 scrolls of poison {unknown}
Potions
 h - a potion of magic
 i - 7 potions of enlightenment
 p - 3 potions of curing
 v - a potion of mutation
 A - a potion of might


   Skills:
 + Level 8.6 Fighting
 - Level 1.6 Dodging
 - Level 10.0 Unarmed Combat
 + Level 9.7 Shapeshifting


You had 10 spell levels left.
You didn't know any spells.
Your spell library contained the following spells:

 Spells                   Type           Power      Damage    Failure   Level
 Apportation              Tloc           0%         N/A       45%         1
 Magic Dart               Conj           0%         1d3       45%         1
 Necrotise                Necr           0%         1d4       45%         1
 Summon Small Mammal      Summ           0%         N/A       45%         1
 Call Imp                 Summ           0%         N/A       58%         2
 Ensorcelled Hibernation  Hex/Ice        0%         N/A       58%         2
 Passwall                 Tmut/Erth      0%         N/A       58%         2
 Mephitic Cloud           Conj/Pois/Air  0%         N/A       83%         3
 Swiftness                Air            0%         N/A       83%         3
 Animate Dead             Necr           0%         N/A       99%         4
 Haunt                    Necr/Summ      0%         N/A       100%        7
 Infestation              Necr           0%         N/A       100%        8


Dungeon Overview and Level Annotations

Branches:
Dungeon (10/15)            Temple (1/1) D:5            Lair (0/5) D:9
    Orc (0/2) D:9

Altars:
Cheibriados
Dithmenos
Elyvilon
Gozag
Hepliaklqana
Kikubaaqudgha
Makhleb
Nemelex Xobeh
Qazlal
Trog
Uskayaw
Vehumet
Wu Jian
Xom
Yredelemnul
Zin
The Shining One

Shops:
D:7 (

Annotations:
D:10 Lodul


Innate Abilities, Weirdness & Mutations

You are a tree.
Your roots penetrate the ground, keeping you stationary.
You cannot be teleported.
You are immune to unholy pain and torment.
Your maximum health is greatly increased.
Your equipment is partially melded.
You are too large for most types of armour.
((You have claws for hands.))
Your natural rate of healing is unusually fast.
((You are covered in fur. (AC +1)))
((You have tough skin. (AC +1)))


Message History

The ogre is moderately wounded.
The ogre barely misses you.
You mangle the ogre!!
You kill the ogre!
Trog accepts your kill.
Items here: ))) ††.
There is a stone staircase leading down, spattered with blood here.
You start resting.
HP restored.
You climb downwards.
Level annotation: Lodul The ogre hits you with a +0 giant club!
The ogre barely misses you. The ogre closely misses you.
There is a stone staircase leading up, spattered with blood here.
The ogre hits you with a +0 giant club!!
The ogre closely misses you.
The ogre hits you with a +0 giant club!!
You climb upwards.
There is a stone staircase leading down, spattered with blood here.
You barely miss the ogre.
The ogre hits you with a +0 giant club!! x2
* * * LOW HITPOINT WARNING * * *
The ogre barely misses you.
Your transformation has ended.
You turn into a tree.
Your +1 animal skin melds into your body.
Your roots penetrate the ground.
The ogre hits you with a +0 giant club!
* * * LOW HITPOINT WARNING * * *
You feel better.
The ogre hits you but does no damage. x2
You are confused.
You feel invigorated.
The ogre hits you but does no damage. x2
The ogre hits you with a +0 giant club!!
* * * LOW HITPOINT WARNING * * *
You feel better.
You feel less invigorated. The ogre hits you with a +0 giant club.
* * * LOW HITPOINT WARNING * * *
You smack the ogre!
The ogre is severely wounded.
The ogre hits you with a +0 giant club!
You die...

#.# ##..### #.#.†~~≈
#.## ##...# #.#...~~
#..## ###.## #.#...~.
##..# #..# #.#..~~~ ##.#
##.# #####.#.†~.† #.#
#.# #....(...).. #.# #O#
#.........## #.# #O##
#........## #.# #♣O#
#........# # #†# ##O#
#........### #†#
#.####........... #.#
#.##............. #.##
#.##.#.........## #..#
#.##.#........... ##.#
###.##.####....#.##
#.####...##.###..##...##
#........##.##..###.###.


You could see 4 ogres.

Vanquished Creatures
  A two-headed ogre (D:9)
  A cyclops (D:10)
  4 trolls
  Grinder (D:6)
  2 wyverns
  A shadow (D:8)
  4 yaks (D:9)
  A steam dragon (D:7)
  2 water moccasins
  4 sky beasts
  4 ice beasts
  3 orc warriors
  3 black bears
  4 ogres
  3 centaurs
  A phantom (D:5)
  2 bullfrogs (D:9)
  4 scorpions
  19 wights
  3 killer bees
  An electric eel (D:9)
  10 hounds
  2 jellies
  A gnoll bouda (D:6)
  6 orc priests
  2 iguanas
  2 sleepcaps
  8 orc wizards
  5 gnolls
  6 adders
  3 white imps (D:7)
  5 ufetubi
  2 worms
  3 dart slugs
  32 orcs
  6 bats
  7 endoplasms
  4 goblins
  5 hobgoblins
  8 kobolds
  2 quokkas
  5 ball pythons
  3 frilled lizards
  4 rats
199 creatures vanquished.

Notes
Turn   | Place    | Note
-------+----------+-------------------------------------------
     0 | D:1      | AppTheSpectato the Troll Shapeshifter began the quest for
                  | the Orb.
     0 | D:1      | Reached XP level 1. HP: 18/18 MP: 0/0
    48 | D:1      | Reached skill level 1 in Fighting
    97 | D:1      | Reached XP level 2. HP: 27/27 MP: 1/1
   452 | D:2      | Reached XP level 3. HP: 33/33 MP: 2/2
  1030 | D:3      | Found a basalt altar of Yredelemnul.
  1713 | D:4      | Reached XP level 4. HP: 42/42 MP: 3/3
  1974 | D:4      | Reached skill level 4 in Unarmed Combat
  2162 | D:4      | Reached XP level 5. HP: 38/50 MP: 4/4
  2470 | D:5      | Entered Level 5 of the Dungeon
  2486 | D:5      | Found a staircase to the Ecumenical Temple.
  2503 | Temple   | Entered the Ecumenical Temple
  2592 | Temple   | Became a worshipper of Trog the Wrathful
  2832 | D:5      | Noticed a phantom
  2841 | D:5      | Killed a phantom
  2842 | D:5      | Reached XP level 6. HP: 59/59 MP: 5/5
  3235 | D:5      | Reached skill level 5 in Unarmed Combat
  3562 | D:6      | Reached XP level 7. HP: 64/68 MP: 6/6
  3632 | D:6      | Reached skill level 5 in Shapeshifting
  3800 | D:6      | Reached skill level 6 in Unarmed Combat
  3827 | D:6      | Reached XP level 8. HP: 57/79 MP: 7/7
  4262 | D:6      | Reached * piety under Trog
  4263 | D:6      | Reached skill level 5 in Fighting
  4278 | D:6      | Noticed Grinder
  4283 | D:6      | Killed Grinder
  4392 | D:6      | Reached skill level 7 in Unarmed Combat
  4601 | D:7      | Found Ilurofocs's Antique Weapon Emporium.
  4624 | D:7      | Reached XP level 9. HP: 78/89 MP: 8/8
  4816 | D:7      | Reached skill level 8 in Unarmed Combat
  4884 | D:7      | Reached ** piety under Trog
  5552 | D:8      | Reached XP level 10. HP: 102/102 MP: 9/9
  5674 | D:9      | Reached skill level 9 in Unarmed Combat
  5720 | D:9      | Found a staircase to the Lair.
  5775 | D:9      | Found an opulent altar of Gozag.
  5807 | D:9      | Found a staircase to the Orcish Mines.
  5822 | D:9      | Reached *** piety under Trog
  5870 | D:9      | Found a burning altar of Makhleb.
  5934 | D:9      | Noticed a two-headed ogre
  5948 | D:9      | Killed a two-headed ogre
  6289 | D:9      | Reached skill level 10 in Unarmed Combat
  6368 | D:10     | Entered Level 10 of the Dungeon
  6391 | D:10     | Noticed a cyclops
  6397 | D:10     | Killed a cyclops
  6465 | D:10     | Noticed Lodul
  6493 | D:10     | Noticed a gargoyle
  6569 | D:9      | Reached XP level 11. HP: 69/113 MP: 10/10
  6613 | D:9      | HP: 6/169 [ogre/+0 giant club[Lodul] (13)]
  6615 | D:9      | HP: 2/169 [ogre/+0 giant club[Lodul] (20)]
  6617 | D:9      | Slain by an ogre

Illustrated notes

Levels and vault maps discovered:
D:1:      spicycebolla_arrival_transporter_tutorial, layout_basic,
          chequers_serial_rivers_micro_b
D:2:      layout_loops_ring
D:3:      layout_rooms, mainiacjoe_overflow_catwalk, serial_aquarium,
          aquarium_bridge_long_joined [aquarium_subvault_wall,
          aquarium_subvault_wall, aquarium_subvault_wall,
          aquarium_subvault_balcony, aquarium_subvault_bridge,
          aquarium_subvault_bridge], aquarium_window_2, aquarium_window_2,
          aquarium_window_1, aquarium_view_2d, aquarium_balcony_3b,
          aquarium_pool_1, minmay_quantized
D:4:      layout_basic
D:5:      layout_gridville, minmay_temple_entry_ruins, water_maze_lemuel
D:6:      layout_gridville, kennysheep_generic_room_5, uniq_grinder
D:7:      layout_gridville, serial_rivers, chequers_serial_rivers_room_a,
          chequers_serial_rivers_room_b, chequers_serial_rivers_micro_e,
          chequers_serial_rivers_small_a, serial_shops,
          nicolae_shop_overgrown_old_shop, grunt_tough_drop
D:8:      layout_rooms, minmay_misc_feat_tower, grunt_decor_junction
D:9:      layout_rooms, mainiacjoe_overflow_brackets,
          nicolae_gozag_seed_capital, erik_lair_island, david_orc_3
D:10:     layout_irregular_city, minmay_overflow_temple_star_quad,
          okawaru_altar_gauntlet_db, nicolae_ru_path_of_blood, uniq_snorg,
          uniq_lodul
Temple:   minmay_temple_curvy_branch

Skill      XL: |  1  2  3  4  5  6  7  8  9 10 |
---------------+-------------------------------+-----
Fighting       | 1 2 3 4 5 7 8 |  8.6
Unarmed Combat | 4 5 6 7 8 10 | 10.0
Shapeshifting  | 4 5 6 8 9 |  9.7
Dodging        | |  1.6

Action                     |  1- 3 |  4- 6 |  7- 9 | 10-12 || total
---------------------------+-------+-------+-------+-------++-------
  Melee: Unarmed           |    86 |    71 |   212 |   128 ||   497
         Punch             |     2 |     2 |     4 |     7 ||    15
    Use: Scroll            |     2 |     6 |     2 |     3 ||    13
         Potion            |       |       |       |     4 ||     4
 Armour: Animal skin       |    44 |    66 |   185 |   144 ||   439
         Skin              |       |       |       |     8 ||     8
  Dodge: Dodged            |    37 |    25 |   116 |    73 ||   251

Table legend: (Time is in decaauts)
 A = Elapsed time spent in this place.
 B = Non-inter-level travel time spent in this place.
 C = Inter-level travel time spent in this place.
 D = Time resting spent in this place.
 E = Time spent auto-exploring this place.
 F = Levels seen in this place.
 G = Mean time per level.
                   A        B        C        D        E       F      G
               +--------+--------+--------+--------+--------+-----+--------+
         Total |   6559 |   5851 |    708 |    183 |   4361 |  11 |  596.3 |
       Dungeon |   6355 |   5828 |    527 |    183 |   4342 |  10 |  635.5 |
        Temple |    203 |     22 |    181 |      0 |     19 |   1 |  203.0 |
               +--------+--------+--------+--------+--------+-----+--------+

Top non-repeatable levels by time:
     D:6: 866 daAuts
     D:5: 853 daAuts
     D:4: 822 daAuts
     D:9: 761 daAuts
     D:7: 732 daAuts
     D:3: 637 daAuts
     D:2: 633 daAuts
     D:8: 541 daAuts
     D:1: 367 daAuts
  Temple: 203 daAuts
    D:10: 139 daAuts
